 Dungeon Crawl Stone Soup version 0.27.1-1-g398f81649c (webtiles) character file.

Game seed: 17204532090540670320

18 aquasnake75 the Chopper (level 2, 0/27 HPs)
             Began as a Minotaur Berserker on Sept 15, 2021.
             Was a Follower of Trog.
             Slain by a jackal (1 damage)
             ... on level 1 of the Dungeon.
             The game lasted 00:07:30 (448 turns).

aquasnake75 the Chopper (Minotaur Berserker)         Turns: 448, Time: 00:07:31

Health: 0/27       AC:  2    Str: 21    XL:     2   Next: 51%
Magic:  1/1        EV: 12    Int:  4    God:    Trog [*.....]
Gold:   27         SH:  0    Dex:  9    Spells: 1/1 levels left

rFire    . . .     SeeInvis .   (no weapon)
rCold    . . .     Faith    .   (no shield)
rNeg     . . .     Spirit   .   b - +0 animal skin
rPois    .         Reflect  .   (helmet restricted)
rElec    .         Harm     .   (no cloak)
rCorr    .         Rampage  .   (no gloves)
Will     .....                  (no boots)
Stlth    +.........             (no amulet)
HPRegen  0.09/turn              (no ring)
MPRegen  0.07/turn              (no ring)

@: no status effects
A: horns 2, retaliatory headbutt
a: Renounce Religion, Berserk


You were on level 1 of the Dungeon.
You worshipped Trog.
Trog was aware of your devotion.
You visited 1 branch of the dungeon, and saw 1 of its levels.

You collected 27 gold pieces.

Inventory:

Hand Weapons
 a - a +0 hand axe
Armour
 b - a +0 animal skin (worn)
 f - a +0 leather armour
Potions
 d - a potion of invisibility {unknown}
 e - a potion of brilliance {unknown}


   Skills:
 + Level 4.0 Fighting
 + Level 4.2 Axes
 + Level 2.5 Armour
 + Level 2.4 Dodging


You had one spell level left.
You didn't know any spells.
Your spell library was empty.

Dungeon Overview and Level Annotations

Branches:
Dungeon (1/15)

Altars:


Innate Abilities, Weirdness & Mutations

You have a pair of horns on your head.
You reflexively headbutt those who attack you in melee.


Message History

The jackal barely misses you. You furiously retaliate!
You headbutt the jackal, but do no damage.
The jackal barely misses you. You furiously retaliate!
You headbutt the jackal. You closely miss the jackal.
The jackal is almost dead.
The jackal bites you but does no damage.
The jackal closely misses you.
The jackal bites you but does no damage.
The jackal barely misses you. You furiously retaliate!
You headbutt the jackal, but do no damage.
The jackal misses you.
You barely miss the jackal.
The jackal is almost dead.
The jackal bites you.
The jackal bites you but does no damage.
The jackal completely misses you. x2; You furiously retaliate!
You headbutt the jackal!
You kill the jackal!
Trog accepts your kill.
You hit the jackal but do no damage. The jackal barely misses you.
The jackal completely misses you. The jackal bites you.
You barely miss the jackal. Your headbutt misses the jackal.
The jackal barely misses you.
The jackal bites you but does no damage. x2
You closely miss the jackal. The jackal bites you.
* * * LOW HITPOINT WARNING * * *
The jackal bites you but does no damage.
You hit the jackal. You headbutt the jackal.
The jackal is almost dead.
The jackal misses you. The jackal bites you.
* * * LOW HITPOINT WARNING * * *
The jackal barely misses you. The jackal bites you.
* * * LOW HITPOINT WARNING * * *
The jackal bites you.
* * * LOW HITPOINT WARNING * * *
The jackal closely misses you. The jackal bites you.
* * * LOW HITPOINT WARNING * * *
The jackal bites you.
You die...

# ##.##.# ....#
## ......#. #...#
.#
......#.###...#
†##.....#
.......###
..#.....#
#.......#
#.#.....#
#.......# ...#
#...†...# ##.#
#.h.# ...# #.h@#
#..# ##.## ...#
#.# ...###### #.#
........#######.#
#######.........#
###########


You could see 2 jackals.

Vanquished Creatures
  2 bats (D:1)
  4 giant cockroaches (D:1)
  2 hobgoblins (D:1)
  2 jackals (D:1)
  A quokka (D:1)
  2 ball pythons (D:1)
  4 frilled lizards (D:1)
17 creatures vanquished.

Vanquished Creatures (others)
  3 plants (D:1)
3 creatures vanquished.

Grand Total: 20 creatures vanquished

Notes
Turn   | Place    | Note
-------+----------+-------------------------------------------
     0 | D:1      | aquasnake75 the Minotaur Berserker began the quest for the
                  | Orb.
     0 | D:1      | Reached XP level 1. HP: 19/19 MP: 0/0
   333 | D:1      | Reached XP level 2. HP: 27/27 MP: 1/1
   448 | D:1      | HP: 1/27 [jackal (3)]
   448 | D:1      | Slain by a jackal

Illustrated notes

Levels and vault maps discovered:
D:1:      scummos_arrival_forest, layout_loops_cross, chequers_big_river,
          minmay_worlds_worst_comb

Skill      XL: |  1  2 |
---------------+-------+-----
Axes           | 4 |  4.2
Fighting       | 4 |  4.0
Armour         | |  2.5
Dodging        | |  2.4

Action                   || total
-------------------------++-------
Melee: Unarmed           ||    45
       Headbutt          ||     9
       Hand axe          ||     3
  Use: Scroll            ||     1
Armor: Animal skin       ||    18
Dodge: Dodged            ||    37
